 Dungeon Crawl Stone Soup version 0.29-a0-319-gad05b8d819 (webtiles) character file.

Game seed: 16868228254746951190

400 chopper the Chopper (level 6, -1/56 HPs)
             Began as a Minotaur Fighter on Apr 2, 2022.
             Shot with an arrow by a centaur (8 damage)
             ... on level 5 of the Dungeon.
             The game lasted 00:23:56 (5920 turns).

chopper the Chopper (Minotaur Fighter)              Turns: 5920, Time: 00:23:56

Health: -1/56      AC: 11    Str: 22    XL:     6   Next: 54%
Magic:  5/5        EV:  8    Int:  5    God:
Gold:   182        SH:  4    Dex: 10    Spells: 5/5 levels left

rFire   . . .      SeeInvis .   a - +0 war axe
rCold   . . .      Faith    .   c - +0 buckler
rNeg    . . .      Spirit   .   k - +0 chain mail
rPois   .          Reflect  .   (helmet restricted)
rElec   .          Harm     .   (no cloak)
rCorr   .          Rampage  .   (no gloves)
Will    .....                   s - +0 pair of boots
Stlth   ..........              (no amulet)
HPRegen 0.18/turn               (no ring)
MPRegen 0.09/turn               (no ring)

@: no status effects
A: horns 2, retaliatory headbutt
a: no special abilities


You were on level 5 of the Dungeon.
You visited 1 branch of the dungeon, and saw 5 of its levels.

You collected 182 gold pieces.

Inventory:

Hand Weapons
 a - a +0 war axe (weapon)
 l - a +1 dagger of venom
 t - a +0 arbalest
Armour
 c - a +0 buckler (worn)
 k - a +0 chain mail (worn)
 s - a +0 pair of boots (worn)
Wands
 w - a wand of polymorph (7)
Scrolls
 b - a scroll of enchant weapon {unknown}
 e - 3 scrolls of teleportation {unknown}
 f - a scroll of torment {unknown}
 j - 2 scrolls of identify {unknown}
 q - a scroll of blinking {unknown}
 r - a scroll of fear {unknown}
 u - 2 scrolls of enchant armour {unknown}
Potions
 d - 2 potions of might
 g - 2 potions of heal wounds {unknown}
 h - a potion of magic {unknown}
 i - 2 potions of cancellation {unknown}
 m - 2 potions of lignification {unknown}
 n - a potion of haste {unknown}
 o - a potion of attraction {unknown}
 p - 3 potions of brilliance {unknown}
 v - a potion of degeneration {unknown}


   Skills:
 + Level 5.4 Fighting
 + Level 5.6 Axes
 + Level 5.1 Armour
 + Level 1.7 Dodging
 + Level 0.1 Stealth
 + Level 4.3 Shields


You had 5 spell levels left.
You didn't know any spells.
Your spell library was empty.

Dungeon Overview and Level Annotations

Branches:
Dungeon (5/15)
 Temple: D:4-7

Altars:


Innate Abilities, Weirdness & Mutations

You have a pair of horns on your head.
You reflexively headbutt those who attack you in melee.


Message History

Found 22 stones.
There is an open door here.
There is an open door here.
There is a stone staircase leading down here.
You open the door.
Found 27 stones.
There is an open door here.
A centaur comes into view.
The centaur wields a +0 shortbow.
The centaur shoots an arrow.
The arrow hits you!
Found a scroll labelled QEMIAWK RUBAWK.
The centaur shoots an arrow.
The arrow closely misses you.
The centaur shoots an arrow.
The arrow hits you!
The centaur shoots an arrow.
The arrow hits you.
The centaur shoots an arrow.
The arrow barely misses you.
The centaur shoots an arrow.
The arrow hits you but does no damage.
The centaur shoots an arrow.
The arrow barely misses you.
The centaur shoots an arrow.
You block the arrow.
The centaur shoots an arrow.
The arrow hits you.
The centaur shoots an arrow.
You block the arrow.
The centaur shoots an arrow.
You block the arrow.
The centaur shoots an arrow.
The arrow barely misses you.
The centaur shoots an arrow.
The arrow hits you!
The centaur shoots an arrow.
The arrow hits you!
The centaur shoots an arrow.
The arrow barely misses you.
The centaur shoots an arrow.
The arrow barely misses you.
The centaur shoots an arrow.
The arrow hits you.
* * * LOW HITPOINT WARNING * * *
There is an open door here.
The centaur shoots an arrow.
The arrow hits you.
* * * LOW HITPOINT WARNING * * *
The centaur shoots an arrow.
The arrow hits you.
* * * LOW HITPOINT WARNING * * *
The centaur shoots an arrow.
The arrow hits you.
* * * LOW HITPOINT WARNING * * *
The centaur shoots an arrow.
The arrow closely misses you.
The centaur shoots an arrow.
The arrow barely misses you.
The centaur shoots an arrow.
The arrow barely misses you.
The centaur shoots an arrow.
The arrow hits you!
You die...

..##.......#.....# #...c..
..##.....c.#.....# #....#.
...........#.....# +.....#
#######.......#....c+ #......
#.....#.......#.....# #.....#
#.....#.......#.....#####....#
#.....#...>...#..............#
#.....#.......######..........#
#.....#.......@# #...........
#.....#.......<# #...........
#.....'........# #...........
#.....#........# ############
#.....#........#
#.....#........#
#.....#.......##
#.....######### #.....#


You could see a centaur.

Vanquished Creatures
  The ghost of Psyclone the Chiller, an amateur OpIE (D:2)
  A howler monkey (D:4)
  A hound (D:4)
  An iguana (D:4)
  An orc wizard (D:4)
  Natasha (thrice) (D:4)
  A mummy (D:4)
  2 adders (D:4)
  A white imp (D:3)
  2 worms (D:2)
  A dart slug (D:4)
  10 orcs
  7 ball pythons
  8 endoplasms
  3 giant cockroaches
  6 goblins
  9 hobgoblins
  4 quokkas
  8 bats
  2 frilled lizards
  A hobgoblin zombie (D:4)
  2 kobolds
  2 kobold zombies (D:4)
  7 rats
84 creatures vanquished.

Notes
Turn   | Place    | Note
-------+----------+-------------------------------------------
     0 | D:1      | chopper the Minotaur Fighter began the quest for the Orb.
     0 | D:1      | Reached XP level 1. HP: 19/19 MP: 0/0
   647 | D:1      | Reached XP level 2. HP: 27/27 MP: 1/1
  1374 | D:2      | Found a faded altar of an unknown god.
  1880 | D:2      | Reached XP level 3. HP: 33/33 MP: 2/2
  2234 | D:3      | Found a runed translucent gate.
  2242 | D:3      | Found a runed translucent gate.
  2242 | D:3      | Noticed Psyclone's ghost (amateur OpIE)
  2243 | D:3      | Found a runed translucent gate.
  3420 | D:2      | Killed Psyclone's ghost
  3421 | D:2      | Reached XP level 4. HP: 35/41 MP: 3/3
  3577 | D:3      | Reached XP level 5. HP: 40/47 MP: 4/4
  4038 | D:4      | Noticed Natasha
  4057 | D:4      | Reached skill level 5 in Axes
  4057 | D:4      | Reached skill level 5 in Armour
  4151 | D:4      | Killed Natasha
  4152 | D:4      | Reached skill level 5 in Fighting
  4342 | D:4      | Noticed Natasha
  4349 | D:4      | Killed Natasha
  4350 | D:4      | Reached XP level 6. HP: 47/56 MP: 5/5
  4500 | D:4      | Reached skill level 1 in Dodging
  5592 | D:4      | Noticed Natasha
  5618 | D:4      | Killed Natasha
  5831 | D:5      | Entered Level 5 of the Dungeon
  5920 | D:5      | Shot with an arrow by a centaur

Illustrated notes

Levels and vault maps discovered:
D:1:      roderic_octagonal_star, layout_basic, corexii_corridor_pit
D:2:      layout_basic, shapermc_ecumenical_altar_mp_highgroup,
          kennysheep_cross_room, lemuel_flame_loot_1
D:3:      minmay_recursive_quarters, layout_rooms, gammafunk_ghost_split,
          kennysheep_path_1, grunt_decor_junction, minmay_misc_feat_square
D:4:      layout_basic, minmay_mini_ossuary, uniq_natasha
D:5:      layout_gridville, minmay_temple_entry_mini_moons, uniq_duvessa

Skill      XL: |  1  2  3  4  5  6 |
---------------+-------------------+-----
Fighting       | 4 5 |  5.4
Armour         | 4 5 |  5.1
Axes           | 4 5 |  5.6
Shields        | 4 |  4.3
Dodging        | 1 |  1.7
Stealth        | |  0.1

Action                   |  1- 3 |  4- 6 || total
-------------------------+-------+-------++-------
Melee: War axe           |    96 |    87 ||   183
       Headbutt          |    14 |    13 ||    27
       Unarmed           |       |     3 ||     3
Armor: Scale mail        |    33 |       ||    33
       Chain mail        |    34 |    60 ||    94
Dodge: Dodged            |    52 |    49 ||   101
Block: Buckler           |    22 |    24 ||    46

Table legend: (Time is in decaauts)
 A = Elapsed time spent in this place.
 B = Non-inter-level travel time spent in this place.
 C = Inter-level travel time spent in this place.
 D = Time resting spent in this place.
 E = Time spent auto-exploring this place.
 F = Levels seen in this place.
 G = Mean time per level.
                   A        B        C        D        E       F      G
               +--------+--------+--------+--------+--------+-----+--------+
         Total |   5998 |   5998 |      0 |   1328 |      0 |   5 | 1199.6 |
       Dungeon |   5998 |   5998 |      0 |   1328 |      0 |   5 | 1199.6 |
               +--------+--------+--------+--------+--------+-----+--------+

Top non-repeatable levels by time:
     D:4: 2225 daAuts
     D:3: 1287 daAuts
     D:2: 1241 daAuts
     D:1: 1155 daAuts
     D:5: 88 daAuts
